 Dungeon Crawl Stone Soup version 0.32-a0-351-gc6a9d31 (webtiles) character file.

Game seed: 17092369246643260508

854 sdw0316 the Trooper (level 7, 0/62 HPs)
             Began as a Mountain Dwarf Fighter on Feb 17, 2024.
             Slain by a gnoll sergeant
             ... wielding a +1 heavy spear
              (12 damage)
             ... on level 5 of the Dungeon.
             The game lasted 00:33:36 (5021 turns).

sdw0316 the Trooper (Mountain Dwarf Fighter)        Turns: 5021, Time: 00:33:37

Health: 0/62       AC: 11    Str: 25    XL:     7   Next: 70%
Magic:  7/7        EV:  8    Int:  8    God:
Gold:   253        SH:  5    Dex: 11    Spells: 6/6 levels left

rFire   . . .        a - +1 war axe (flame)
rCold   . . .        c - +0 buckler
rNeg    . . .        v - +0 chain mail
rPois   .            m - +0 helmet
rElec   .            (no cloak)
rCorr   .            (no gloves)
SInv    .            (no boots)
Will    .....        s - amulet of faith Stlth
                     u - +6 ring of strength
HPRegen 0.30/turn    (no ring)
MPRegen 0.10/turn

%: faith
@: no status effects
A: runic magic, artefact enchanting
a: no special abilities


You were on level 5 of the Dungeon.
You visited 1 branch of the dungeon, and saw 5 of its levels.

You collected 253 gold pieces.

Inventory:

Hand Weapons
 a - a +1 war axe of flaming (weapon)
 n - a +0 dagger
 o - a +0 club
 p - a +0 club
 w - a +0 whip of distortion
 z - a +2 dagger of draining
Missiles
 i - 40 stones (quivered)
 x - 6 boomerangs
 y - 2 poisoned darts
Armour
 b - a +0 scale mail
 c - a +0 buckler (worn)
 m - a +0 helmet (worn)
 q - a +0 leather armour
 r - a +0 scale mail
 t - the +1 robe "Caho" {rPois SInv}
   (You found it on level 2 of the Dungeon)

   rPois:     It protects you from poison SInv: It lets you see invisible.
 v - a +0 chain mail (worn)
Magical Staves
 g - a staff of death
Jewellery
 s - an amulet of faith (around neck)
 u - a +6 ring of strength (left hand)
Talismans
 j - a beast talisman
Wands
 l - a wand of charming (11)
Potions
 e - 2 potions of ambrosia
 f - 2 potions of curing
 h - a potion of degeneration
 k - a potion of enlightenment


   Skills:
 + Level 5.8 Fighting
 + Level 5.6 Axes
 + Level 5.8 Armour
 + Level 5.8 Shields


You had 6 spell levels left.
You didn't know any spells.
Your spell library contained the following spells:

 Spells                   Type           Power      Damage    Failure   Level
 Slow                     Hex            0%         N/A       58%         1
 Confusing Touch          Hex            0%         N/A       92%         3
 Sigil of Binding         Hex            0%         N/A       92%         3
 Vampiric Draining        Necr           0%         2d6       92%         3


Dungeon Overview and Level Annotations

Branches:
Dungeon (5/15)
 Temple: D:4-7

Altars:
Vehumet

Shops:
D:4 !


Innate Abilities, Weirdness & Mutations

Your spellcasting is much less encumbered by armour.
You can use scrolls of enchantment on lesser artefacts.


Message History

The gnoll hits you but does no damage.
You hit the gnoll. You burn the gnoll.
The gnoll is moderately wounded.
The gnoll closely misses you.
The gnoll sergeant hits you from afar with a +1 heavy spear.
You barely miss the gnoll.
The gnoll is moderately wounded.
The gnoll hits you but does no damage.
The gnoll sergeant hits you from afar with a +1 heavy spear.
The gnoll barely misses you.
You slash the gnoll! You burn the gnoll.
The gnoll is almost dead.
The gnoll sergeant hits you with a +1 heavy spear!
You block the gnoll's attack. The gnoll hits you but does no damage.
You slash the gnoll! You burn the gnoll.
You kill the gnoll!
The gnoll sergeant blocks your attack.
You hit the gnoll. You burn the gnoll. The gnoll hits you but does no damage.
You block the gnoll sergeant's attack. The gnoll attacks as it pursues you!
You block the gnoll's attack.
The gnoll sergeant hits you from afar with a +1 heavy spear.
* * * LOW HITPOINT WARNING * * *
The gnoll attacks as it pursues you! The gnoll hits you but does no damage.
You see here a maw talisman.
The gnoll attacks as it pursues you! The gnoll barely misses you.
The gnoll attacks as it pursues you! You block the gnoll's attack.
You slash the gnoll! You burn the gnoll.
You kill the gnoll!
You block the gnoll sergeant's attack.
Things that are here:
a +0 whip; a gnoll corpse You barely miss the gnoll sergeant.
The gnoll sergeant hits you with a +1 heavy spear!
* * * LOW HITPOINT WARNING * * *
You barely miss the gnoll sergeant. The gnoll sergeant closely misses you.
You hit the gnoll sergeant. You burn the gnoll sergeant.
The gnoll sergeant is moderately wounded.
The gnoll sergeant blocks your attack.
The gnoll sergeant is moderately wounded.
The gnoll sergeant hits you with a +1 heavy spear!
You die...

#.#.#.#.#.##..#..#
#.........##...#.##
#####.#####...##..## #
#..#.# #....##...####.
#...# ##..............
#..## #..##.#.......#.
#..####..####..##..##.
##.[.#).## #..###..#.
#.))@...####.###.....
##.g#.#..#...# ###)..
#.%####>.#...# #....
##.## #.....#####....
#...## ##.#..# #.#....
##.(.## #.#.####....#.
###g.###.........<.#.
#.....##.###.)<.#..##
#.....#...............#


You could see a gnoll sergeant.

Vanquished Creatures
  A gnoll sergeant (D:5)
  A scorpion (D:5)
  A bombardier beetle (D:3)
  7 hounds
  An orc priest (D:4)
  2 sleepcaps (D:5)
  2 iguanas (D:4)
  An orc wizard (D:5)
  16 gnolls
  3 adders
  A ribbon worm (D:3)
  8 orcs
  6 bats
  9 endoplasms
  2 giant cockroaches
  6 goblins
  7 hobgoblins
  2 jackals (D:1)
  3 quokkas
  6 ball pythons
  2 frilled lizards (D:2)
  5 kobolds
  4 rats
96 creatures vanquished.

Notes
Turn   | Place    | Note
-------+----------+-------------------------------------------
     0 | D:1      | sdw0316 the Mountain Dwarf Fighter began the quest for the
                  | Orb.
     0 | D:1      | Reached XP level 1. HP: 19/19 MP: 1/1
   198 | D:1      | Reached XP level 2. HP: 26/26 MP: 2/2
   274 | D:1      | Learned a level 1 spell: Slow
   379 | D:1      | Found a faded altar of an unknown god.
   482 | D:1      | Reached XP level 3. HP: 29/33 MP: 3/3
  1757 | D:2      | Reached XP level 4. HP: 38/40 MP: 4/4
  2074 | D:2      | Identified the +1 robe "Caho" {rPois SInv}
  2679 | D:3      | Reached XP level 5. HP: 46/46 MP: 5/5
  3610 | D:4      | Reached XP level 6. HP: 51/53 MP: 6/6
  3628 | D:4      | Found Biorgh's Distillery.
  3926 | D:4      | Reached skill level 5 in Fighting
  3926 | D:4      | Reached skill level 5 in Shields
  3969 | D:4      | Found a radiant altar of Vehumet.
  4109 | D:4      | Reached skill level 5 in Armour
  4563 | D:5      | Entered Level 5 of the Dungeon
  4573 | D:5      | Reached XP level 7. HP: 61/61 MP: 7/7
  4605 | D:5      | Reached skill level 5 in Axes
  5021 | D:5      | Slain by a gnoll sergeant

Illustrated notes

Levels and vault maps discovered:
D:1:      minmay_arrival_doors, layout_rooms, ebering_ecumenical_altar_box,
          serial_rivers, chequers_serial_rivers_micro_c,
          chequers_serial_rivers_micro_c, chequers_serial_rivers_micro_d,
          chequers_serial_rivers_small_b
D:2:      minmay_general_purpose_star, layout_loops_ring, kennysheep_path_1
D:3:      layout_loops_ring
D:4:      layout_loops_corners, mainiacjoe_overflow_alcove_1, serial_shops,
          nicolae_shop_behind_doors
D:5:      minmay_spotlight, layout_cave_pools, serial_gnoll_camp,
          gnoll_camp_huts_moat, gnoll_camp_mini_sergeant, gnoll_camp_medium_01,
          gnoll_camp_mini_hut, gnoll_camp_mini_basic

Skill      XL: |  1  2  3  4  5  6  7 |
---------------+----------------------+-----
Axes           | 3 4 5 |  5.6
Fighting       | 4 5 |  5.8
Armour         | 4 5 |  5.8
Shields        | 4 5 |  5.8

Action                     |  1- 3 |  4- 6 |  7- 9 || total
---------------------------+-------+-------+-------++-------
  Melee: War axe           |    71 |   158 |    41 ||   270
    Use: Scroll            |     2 |     5 |     3 ||    10
         Potion            |     1 |     1 |     1 ||     3
 Armour: Scale mail        |    58 |    23 |       ||    81
         Chain mail        |       |   104 |    57 ||   161
  Dodge: Dodged            |    40 |    84 |    30 ||   154
  Block: Buckler           |    17 |    56 |    21 ||    94

Table legend: (Time is in decaauts)
 A = Elapsed time spent in this place.
 B = Non-inter-level travel time spent in this place.
 C = Inter-level travel time spent in this place.
 D = Time resting spent in this place.
 E = Time spent auto-exploring this place.
 F = Levels seen in this place.
 G = Mean time per level.
                   A        B        C        D        E       F      G
               +--------+--------+--------+--------+--------+-----+--------+
         Total |   5116 |   5093 |     23 |    538 |   1188 |   5 | 1023.2 |
       Dungeon |   5116 |   5093 |     23 |    538 |   1188 |   5 | 1023.2 |
               +--------+--------+--------+--------+--------+-----+--------+

Top non-repeatable levels by time:
     D:2: 1729 daAuts
     D:4: 1134 daAuts
     D:3: 934 daAuts
     D:1: 891 daAuts
     D:5: 426 daAuts
